 Dungeon Crawl Stone Soup version 0.25-a0-857-g60a0bcd8b5 (webtiles) character file.

Game seed: 11178656309856491528, levelgen mode: classic

1627 Amnesiac the Cutter (level 8, -2/37 HPs)
             Began as a Vine Stalker Wizard on Apr 26, 2020.
             Was a Believer of Okawaru.
             Killed by miscasting Mephitic Cloud (11 damage)
             ... on level 6 of the Dungeon.
             The game lasted 00:13:55 (6064 turns).

Amnesiac the Cutter (Vine Stalker Wizard)           Turns: 6064, Time: 00:13:56

Health: -2/37      AC:  6    Str: 17    XL:     8   Next: 97%
Magic:  0/15       EV: 14    Int: 19    God:    Okawaru [**....]
Gold:   560        SH:  0    Dex: 11    Spells: 4/15 levels left

rFire    . . .     SeeInvis .   a - +3 dagger
rCold    . . .     Gourm    .   (no shield)
rNeg     . . .     Faith    +   q - +0 robe
rPois    .         Spirit   +   (no helmet)
rElec    .         Reflect  .   (no cloak)
rCorr    .         Harm     .   C - +0 pair of gloves
MR       +....                  (no boots)
Stlth    +++.......             y - amulet of faith
HPRegen  0.52/turn              s - ring of Xulir {AC+3 Str+7 Dex-3}
MPRegen  0.14/turn              v - +2 ring of evasion

@: very slightly contaminated
A: fangs 3, regeneration 1, magic shield, antimagic bite, no potion heal 3, rot
immunity
a: Heroism, Renounce Religion


You were on level 6 of the Dungeon.
You worshipped Okawaru.
Okawaru was pleased with you.
You were not hungry.

You visited 2 branches of the dungeon, and saw 7 of its levels.
You also visited: Ossuary.

You collected 560 gold pieces.

Inventory:

Hand Weapons
 a - a +3 dagger (weapon)
Missiles
 c - 23 sling bullets
Armour
 q - a +0 robe (worn)
 C - a +0 pair of gloves (worn)
Jewellery
 s - the ring of Xulir (left hand) {AC+3 Str+7 Dex-3}
   (You found it on level 4 of the Dungeon)

   [ring of protection]

   It affects your AC (+3).
   It affects your strength (+7).
   It affects your dexterity (-3).
 v - a +2 ring of evasion (right hand)
 y - an amulet of faith (around neck)
 E - a +3 ring of dexterity
Scrolls
 b - a scroll of enchant weapon {!r, unknown}
 h - 8 scrolls of identify {!r, unknown}
 i - 8 scrolls of remove curse {!r, unknown}
 j - a scroll of noise {!r, unknown}
 k - 2 scrolls of blinking {!r, unknown}
 o - 8 scrolls of teleportation {!r, unknown}
 p - 3 scrolls of amnesia {!r, unknown}
 r - a scroll of random uselessness {!r, unknown}
 u - 3 scrolls of magic mapping {!r, unknown}
 D - a scroll of immolation {!r, unknown}
 F - 2 scrolls of fear {!r, unknown}
Potions
 e - a potion of berserk rage {!q, unknown}
 f - 2 potions of might {!q, unknown}
 g - 4 potions of brilliance {!q, unknown}
 l - a potion of cancellation {!q, unknown}
 m - 6 potions of heal wounds {!q, unknown}
 n - a potion of lignification {!q, unknown}
 t - 2 potions of stabbing {!q, unknown}
 w - 2 potions of resistance {!q, unknown}
 x - a potion of ambrosia {!q, unknown}
 z - a potion of invisibility {!q, unknown}
 A - 2 potions of mutation {!q, unknown}
 B - a potion of flight {!q, unknown}
 G - 2 potions of curing {!q, unknown}
Comestibles
 d - 8 rations
 H - 2 chunks of flesh


   Skills:
 - Level 1.0 Fighting
 * Level 7.2 Short Blades
 - Level 1.5 Dodging
 + Level 7.2 Stealth
 - Level 4.0 Spellcasting
 - Level 1.0 Conjurations
 - Level 1.0 Summonings
 - Level 1.0 Translocations
 - Level 1.0 Air Magic
   Level 4.0 Evocations


You had 4 spell levels left.
You knew the following spells:

 Your Spells              Type           Power        Failure   Level  Hunger
a - Magic Dart            Conj           #...         9%          1    None
b - Call Imp              Summ           #.......     14%         2    ##.....
e - Mephitic Cloud        Conj/Pois/Air  #.......     30%         3    ###....
s - Conjure Flame         Conj/Fire      #.......     32%         3    ###....
v - Blink                 Tloc           N/A          14%         2    ##.....

Your spell library contained the following spells:

 Spells                   Type           Power        Failure   Level  Hunger
 Slow                     Hex            #.......     21%         2    ##.....


Dungeon Overview and Level Annotations

Branches:
Dungeon (6/15)             Temple (1/1) D:4         Ossuary (visited)

Altars:
Ashenzari
Cheibriados
Dithmenos
Elyvilon
Fedhas
Gozag
Hepliaklqana
Kikubaaqudgha
Makhleb
Nemelex Xobeh
Okawaru
Qazlal
Ru
Sif Muna
Trog
Uskayaw
Vehumet
Wu Jian
Xom
Yredelemnul
Zin
The Shining One

Shops:
D:6 %


Innate Abilities, Weirdness & Mutations

You have razor-sharp teeth.
Your natural rate of healing is unusually fast.
When hurt, damage is shared between your health and your magic reserves.
Your bite disrupts and absorbs the magic of your enemies.
Potions cannot restore your health.
You are immune to rotting.


Message History

The bullfrog hits you.
You hit the bullfrog. You bite the bullfrog. You drain its power.
The bullfrog is moderately wounded.
The bullfrog hits you but does no damage.
You closely miss the bullfrog. You bite the bullfrog. You drain its power.
The bullfrog is heavily wounded.
The bullfrog completely misses you.
You hit the bullfrog. You bite the bullfrog. You drain its power.
The bullfrog is almost dead.
The bullfrog completely misses you.
You hit the bullfrog.
The bullfrog is almost dead.
The bullfrog hits you.
You barely miss the bullfrog.
The bullfrog is almost dead.
The bullfrog closely misses you.
You closely miss the bullfrog.
The bullfrog is almost dead.
The bullfrog hits you.
You closely miss the bullfrog. You bite the bullfrog.
You kill the bullfrog!
Okawaru accepts your kill.
No target in view!
No target in view!
You butcher the bullfrog corpse.
H - 6 chunks of flesh (gained 2)
You see here a bullfrog skeleton. x2
Found 18 bolts.
Some of the chunks of flesh in your inventory have rotted away.
Items here: )) [[[ a +0 dagger; a +0 hand axe; a +0 chain mail; a +0 ring mail; a +0 chain mail Key pressed, stopping explore.
Partly explored, can't reach some places.
Partly explored, can't reach some places.
Partly explored, can't reach some places.
Partly explored, can't reach some places.
Really walk into a travel-excluded area?
The cyclops shouts!
The cyclops throws a large rock.
The large rock barely misses you.
You see here a large rock.
Casting: Conjure Flame (mildly dangerous; 32% risk of failure)
Confirm with . or Enter, or press ? or * to list all spells.
You can't see any susceptible monsters within range! (Use Z to cast anyway.)
The cyclops throws a large rock.
The large rock misses you.
You see here 2 large rocks.
Casting: Conjure Flame (mildly dangerous; 32% risk of failure)
Confirm with . or Enter, or press ? or * to list all spells.
Aiming: Mephitic Cloud (mildly dangerous; 30% risk of failure)
Press: ? - help, Shift-Dir - straight line, f - you That beam is likely to hit you.
Continue anyway?
Okay, then.
The cyclops throws a large rock.
The large rock hits you!!!
Ouch! That really hurt!
* * * LOW HITPOINT WARNING * * *
You see here 3 large rocks.
Casting: Mephitic Cloud (mildly dangerous; 30% risk of failure)
Confirm with . or Enter, or press ? or * to list all spells.
Aiming: Mephitic Cloud (mildly dangerous; 30% risk of failure)
Press: ? - help, Shift-Dir - straight line, f - cyclops
Aim: a cyclops, quivering a large rock You miscast Mephitic Cloud.
You are very lightly contaminated with residual magic.
The air around you crackles with energy!
You die...

.# #.....# #.#.#....<....... .#
#.###########.#.#............
#####...#.......#.#.#............
# #.###.#.......#.#.#...#####....
# #.....#.......#.#.#...#$()#....
# #.#####.......#.#.#...#$?=#..##
# #)#####.......#.#.#...#[?)#....
###.....#.......#.#.#...#####...#
#.....).........@...............#
#.#####.#..)....#.#.#...........#
#.# #.#.......#......#.######.#
#.# #.#.#####.#...##.#.#......#
#.# #.#.# #.#.C.##.#.#.######
#.#####.#.# #.#......#.#.#
#.......#.# #..........#.#
#########.################.#
#....#................#


You could see a cyclops.

Vanquished Creatures
  A sky beast (D:6)
  2 ice beasts (D:5)
  3 ogres
  2 bullfrogs (D:6)
  The ghost of Esekla the Ducker, an amateur FeSk of Vehumet (D:3)
  A water moccasin zombie (D:5)
  A wyvern skeleton (D:6)
  A howler monkey (D:4)
  A bullfrog zombie (D:6)
  3 crimson imps
  3 hounds
  A centaur skeleton (D:6)
  2 orc wizards (D:6)
  Terence (D:2)
  3 worker ants (D:4)
  A hound zombie (D:5)
  2 hound skeletons (D:4)
  8 mummies (Ossuary)
  4 gnolls (D:2)
  7 adders
  An ooze (D:4)
  An adder zombie (D:5)
  2 worms (D:2)
  3 dart slugs
  5 leopard geckos
  10 orcs
  2 ball pythons
  7 giant cockroaches
  A gnoll zombie (Ossuary)
  9 goblins
  8 hobgoblins
  10 jackals
  9 kobolds
  4 quokkas
  5 bats
  8 frilled lizards
  A hobgoblin zombie (Ossuary)
  3 kobold zombies (Ossuary)
  3 orc zombies (Ossuary)
  7 rats
147 creatures vanquished.

Vanquished Creatures (collateral kills)
  A crimson imp (D:5)
  A worm (D:3)
  An orc (D:3)
3 creatures vanquished.

Grand Total: 150 creatures vanquished

Notes
Turn   | Place    | Note
-------+----------+-------------------------------------------
     0 | D:1      | Amnesiac the Vine Stalker Wizard began the quest for the
                  | Orb.
     0 | D:1      | Reached XP level 1. HP: 9/9 MP: 5/5
   255 | D:2      | Found a sparkling altar of Nemelex Xobeh.
   266 | D:2      | Reached XP level 2. HP: 13/13 MP: 0/7
   268 | D:2      | Reached skill level 1 in Evocations
   553 | D:2      | Reached XP level 3. HP: 11/16 MP: 2/9
   557 | D:2      | Learned a level 2 spell: Blink
   560 | D:2      | Learned a level 2 spell: Call Imp
   622 | D:3      | Learned a level 3 spell: Mephitic Cloud
   797 | D:3      | Found a runed translucent door.
   798 | D:3      | Noticed Esekla's ghost (amateur FeSk)
  1058 | D:2      | Gained mutation: Your natural rate of healing is unusually
                  | fast. [Vine Stalker growth]
  1058 | D:2      | Reached XP level 4. HP: 17/21 MP: 5/10
  1098 | D:2      | Found a faded altar of an unknown god.
  1435 | D:4      | Reached XP level 5. HP: 15/24 MP: 2/11
  1665 | D:4      | Got a sparkling amber ring
  1761 | D:4      | Found a staircase to the Ecumenical Temple.
  1768 | Temple   | Entered the Ecumenical Temple
  1862 | Temple   | Became a worshipper of Warmaster Okawaru
  2196 | D:1      | Reached skill level 1 in Air Magic
  2230 | D:1      | Reached skill level 1 in Fighting
  2240 | D:1      | Learned a level 3 spell: Conjure Flame
  2661 | D:2      | Reached skill level 1 in Short Blades
  2730 | D:2      | Reached XP level 6. HP: 25/30 MP: 11/13
  2878 | D:2      | Noticed Terence
  2909 | D:2      | Killed Terence
  3398 | D:3      | Killed Esekla's ghost
  3484 | D:4      | Identified the ring of Xulir {AC+3 Str+7 Dex-3} (You found
                  | it on level 4 of the Dungeon)
  3549 | D:4      | Reached XP level 7. HP: 14/33 MP: 6/14
  4002 | D:5      | Entered Level 5 of the Dungeon
  4003 | D:5      | Found a sand-covered staircase.
  4044 | D:5      | Reached * piety under Okawaru
  4079 | D:5      | Found a glowing golden altar of the Shining One.
  4081 | D:5      | Found a shadowy altar of Dithmenos.
  4081 | D:5      | Found a shimmering blue altar of Sif Muna.
  4082 | D:5      | Found a hide-covered altar of Uskayaw.
  4258 | Ossuary  | Entered an ossuary
  4548 | Ossuary  | Reached skill level 5 in Short Blades
  4608 | Ossuary  | Reached skill level 5 in Stealth
  4797 | D:5      | Gained mutation: You have razor-sharp teeth. [Vine Stalker
                  | growth]
  4797 | D:5      | Reached XP level 8. HP: 37/37 MP: 15/15
  4980 | D:5      | Found a sacrificial altar of Ru.
  5222 | D:6      | Reached ** piety under Okawaru
  5386 | D:6      | Found Kamefiudgh's Food Emporium.
  5552 | D:6      | Noticed a cyclops
  6064 | D:6      | Killed by miscasting Mephitic Cloud

Levels and vault maps discovered:
D:1:      sevenhm_arrival_forest_fort_large_2, layout_basic
D:2:      layout_basic, old_standard_altar, chequers_ecumenical_altar_lobes,
          uniq_terence
D:3:      layout_loops_ring, first_ration, gammafunk_ghost_grave
D:4:      layout_basic, minmay_temple_entry_arrows
D:5:      layout_basic, lemuel_doored_altar,
          chequers_temple_overflow_statue_of_worship,
          nicolae_ossuary_entry_ruins, minivault_24
D:6:      layout_basic, serial_glass, glass_columns_b, glass_columns_a,
          due_unseen_surprise, feat_on_display, serial_shops, nicolae_shop_stone
Temple:   kb_temple_of_zot

Skill      XL: |  1  2  3  4  5  6  7  8 |
---------------+-------------------------+-----
Evocations     | 1 2 4 |  4.0
Spellcasting   | 4 |  4.0
Air Magic      | 1 |  1.0
Fighting       | 1 |  1.0
Short Blades   | 1 3 5 7 |  7.2
Stealth        | 3 5 7 |  7.2
Dodging        | |  1.5
Conjurations   | |  1.0
Summonings     | |  1.0
Translocations | |  1.0

Action                   |  1- 3 |  4- 6 |  7- 9 || total
-------------------------+-------+-------+-------++-------
Melee: Dagger            |    25 |       |   140 ||   165
       Bite              |     6 |    35 |    61 ||   102
       Quarterstaff      |    14 |    26 |       ||    40
       Short sword       |       |   153 |   114 ||   267
 Cast: Magic Dart        |    59 |    35 |    71 ||   165
       Call Imp          |     2 |     4 |     2 ||     8
       Mephitic Cloud    |       |     5 |     1 ||     6
       Conjure Flame     |       |       |     2 ||     2
 Abil: Evoke Berserk Rag |     3 |     1 |       ||     4
 Stab: Sleeping          |     1 |    10 |     4 ||    15
       Confused          |       |     6 |       ||     6
  Eat: Chunk             |     3 |    10 |     8 ||    21
Armor: Robe              |    14 |    31 |    39 ||    84
Dodge: Dodged            |    44 |   108 |   114 ||   266

Table legend:
 A = Non-vault XP
 B = Vault XP
 C = Vault XP percentage of total XP
 D = Non-vault monster count
 E = Vault monster count
 F = Vault count percentage of total count
                 A         B        C        D         E       F
            +---------+---------+-------+---------+---------+-------
      Total |    2073 |     252 |  10.8 |     132 |      18 |  12.0
            +---------+---------+-------+---------+---------+-------
        D:1 |      46 |       0 |   0.0 |      28 |       0 |   0.0
        D:2 |     137 |      38 |  21.7 |      34 |       1 |   2.9
        D:3 |      66 |      61 |  48.0 |      16 |       1 |   5.9
        D:4 |     378 |       0 |   0.0 |      19 |       0 |   0.0
        D:5 |     609 |       0 |   0.0 |      13 |       0 |   0.0
        D:6 |     837 |       0 |   0.0 |      22 |       0 |   0.0
    Ossuary |       0 |     153 | 100.0 |       0 |      16 | 100.0
            +---------+---------+-------+---------+---------+-------
